Map: Dusk Towers

Players

heartofoak - Winner!

  • Race: Terran Terran
  • League: Bronze

Grumm

  • Race: Zerg Zerg
  • League: Gold

VOD

Have the link to the VOD?

Description

Time

  • Played on: Feb. 11, 2016, 1:48 a.m.
  • Length: 15:26
Show
View Real Time Build Order
Export as new Build Order

heartofoak Terran - Winner!

Build Orders: MMM Bio 

Get SALT Encoding   

  12  0:01  SCV  
  13  0:13  SCV  
  14  0:19  Supply Depot  
  14  0:25  SCV  
  15  0:37  Refinery  
  15  0:40  SCV  
  16  0:45  Barracks  
  16  0:52  SCV  
  17  1:04  SCV  
  18  1:17  SCV  
  19  1:24  Refinery  
  19  1:25  Supply Depot  
  19  1:29  SCV  
  19  1:31  Barracks  
  20  1:38  Reaper  
  21  1:41  SCV  
  22  1:56  Orbital Command  
  22  2:04  Factory  
  22  2:10  Marine  
  23  2:24  SCV  
  23  2:26  Barracks Tech Lab  
  24  2:36  SCV  
  25  2:38  Marine  
  26  2:49  SCV  
  27  2:53  Marauder  
  27  2:54  Factory Tech Lab  
  29  3:01  SCV  
  30  3:13  SCV  
  30  3:15  Starport  
  30  3:16  Engineering Bay  
  31  3:22  Supply Depot  
  31  3:44  SCV, Siege Tank  
  34  3:55  Starport Reactor  
  34  3:56  SCV  
  34  3:58  Barracks Reactor, Terran Infantry Weapons Level 1  
  35  4:08  SCV  
  36  4:14  Command Center  
  36  4:16  Siege Tank  
  39  4:31  Stimpack  
  39  4:39  Supply Depot  
  39  4:41  Supply Depot  
  39  4:55  Supply Depot  
  39  5:00  Medivac, Widow Mine, Marine  
  39  5:01  Marauder, SCV  
  39  5:02  Marine  
  39  5:05  Bunker  
  48  5:13  SCV  
  49  5:18  Marine  
  49  5:20  Marine  
  51  5:22  Marauder  
  51  5:24  Supply Depot  
  51  5:25  SCV  
  54  5:29  Widow Mine  
  54  5:33  SCV  
  57  5:37  SCV  
  58  5:44  Marauder  
  58  5:45  Refinery  
  58  5:48  Refinery  
  58  5:49  SCV  
  61  5:59  SCV  
  61  6:03  Medivac x2  
  67  6:05  Terran Infantry Armor Level 1  
  67  6:09  Missile Turret  
  67  6:11  SCV  
  68  6:13  Orbital Command  
  68  6:16  Missile Turret  
  67  6:22  Marine x2  
  67  6:23  Marauder, SCV  
  72  6:35  SCV, Barracks  
  72  6:39  Engineering Bay  
  73  6:40  SCV  
  74  6:47  SCV  
  75  6:56  Marine x2  
  75  6:57  Marauder  
  75  7:01  Siege Tank  
  82  7:05  Missile Turret  
  82  7:06  Combat Shields  
  82  7:14  Marine x2, Armory  
  84  7:19  Marauder  
  86  7:30  Command Center  
  86  7:41  Supply Depot  
  86  7:45  Supply Depot  
  86  7:56  Supply Depot  
  86  8:02  Marine x2  
  86  8:03  Marauder, Siege Tank  
  93  8:07  SCV  
  94  8:14  SCV  
  94  8:19  SCV  
  96  8:20  Marine x2  
  96  8:24  Marauder  
  90  8:38  Marine  
  90  8:40  Marine  
  92  8:46  Marauder  
  94  8:56  Marine, Terran Infantry Armor Level 2  
  94  8:58  Marine  
  96  9:05  SCV  
  96  9:07  Marauder  
  96  9:09  SCV  
  100  9:11  Liberator x2  
  100  9:14  Marine  
  100  9:15  Marine  
  102  9:17  Orbital Command, SCV  
  102  9:21  SCV  
  102  9:23  Marine  
  105  9:28  Marauder  
  105  9:29  SCV  
  114  9:31  Marine  
  114  9:32  Supply Depot  
  114  9:33  Marine, SCV  
  117  9:41  Marine  
  118  9:48  Terran Infantry Weapons Level 2  
  118  9:49  Marine  
  118  9:50  Marauder  
  118  9:51  Marine  
  122  9:53  Liberator  
  122  9:56  Supply Depot  
  122  9:57  Missile Turret  
  122  9:59  Marine  
  123  10:07  Marine  
  123  10:09  Marine  
  123  10:11  Sensor Tower, Marauder  
  123  10:12  Liberator  
  130  10:17  Marine  
  127  10:24  Missile Turret  
  127  10:25  Marine  
  127  10:27  Marine  
  129  10:32  Missile Turret  
  129  10:33  Marauder  
  129  10:35  Marine  
  135  10:36  Liberator  
  135  10:39  Siege Tank  
  138  10:43  Marine  
  138  10:45  Marine  
  138  10:46  Missile Turret  
  131  10:52  Marine  
  131  10:54  Liberator, Marauder  
  132  11:00  Marine  
  132  11:02  Marine  
  134  11:08  Missile Turret  
  134  11:10  Marine  
  134  11:11  Siege Tank  
  135  11:15  Marauder  
  140  11:18  Marine  
  140  11:20  Marine  
  137  11:28  Marine  
  137  11:30  Refinery  
  130  11:36  Viking, Marine  
  130  11:37  Marauder  
  130  11:38  Marine  
  136  11:46  Marine  
  131  11:54  Medivac, Marine  
  131  11:55  Refinery  
  131  11:56  Marine  
  131  11:58  Marauder  
  134  12:04  Marine  
  134  12:06  Medivac  
  132  12:12  Marine  
  132  12:14  Marine  
  134  12:19  Marauder  
  134  12:22  Marine  
  134  12:24  Medivac  
  134  12:29  Marine  
  136  12:31  Marine  
  136  12:36  Medivac  
  135  12:37  Liberator  
  135  12:39  Marine  
  135  12:41  Marauder  
  135  12:47  Marine  
  135  12:49  Marine  
  136  12:57  Marine  
  136  12:58  Liberator, Command Center  
  140  13:03  Marauder  
  140  13:05  Marine  
  139  13:06  Command Center  
  139  13:07  Refinery, Marine  
  139  13:08  Refinery  
  139  13:10  Missile Turret  
  139  13:11  Supply Depot  
  139  13:16  Marine  
  139  13:18  Missile Turret  
  138  13:23  Marine  
  138  13:25  Marauder  
  135  13:30  Missile Turret  
  135  13:34  Supply Depot  
  135  13:37  Medivac  
  135  13:40  Marine x2  
  135  13:41  Marine  
  139  13:46  Marauder  
  142  13:50  Liberator  
  142  13:52  Missile Turret  
  137  13:57  Supply Depot  
  137  13:58  Medivac, Marine x2  
  137  13:59  Marine  
  132  14:08  Marauder  
  136  14:11  Liberator  
  136  14:13  Orbital Command  
  136  14:16  Marine  
  137  14:29  Marauder  
  142  14:50  Marauder, Planetary Fortress  
  144  14:53  SCV x4  
  148  15:04  Marine x3  
  148  15:05  SCV x2  
Show
View Real Time Build Order
Export as new Build Order

Grumm Zerg 

Build Orders: Pool First, Swarm Host 

Get SALT Encoding   

  12  0:01  Drone  
  13  0:14  Overlord  
  13  0:17  Drone  
  14  0:35  Spawning Pool  
  13  0:37  Drone  
  14  0:44  Drone  
  14  0:45  Drone  
  16  1:10  Hatchery  
  15  1:15  Drone  
  16  1:23  Zergling x4  
  18  1:29  Queen  
  20  1:35  Extractor  
  20  1:39  Extractor  
  18  2:00  Hatchery  
  17  2:05  Drone  
  17  2:06  Drone x2  
  20  2:25  Drone  
  20  2:26  Drone  
  22  2:43  Queen  
  24  2:45  Queen  
  26  3:00  Drone  
  26  3:01  Drone  
  28  3:07  Overlord  
  28  3:11  Roach Warren  
  27  3:14  Evolution Chamber  
  27  3:16  Drone  
  27  3:42  Drone x6  
  33  3:51  Overlord  
  33  4:02  Roach  
  35  4:03  Drone  
  35  4:04  Drone  
  35  4:09  Drone x2  
  37  4:32  Spore Crawler  
  37  4:34  Spore Crawler  
  37  4:37  Drone x8  
  43  4:44  Spore Crawler  
  42  4:46  Spore Crawler  
  41  5:04  Drone x8  
  49  5:18  Zerg Missile Weapons Level 1  
  49  5:19  Overlord  
  49  5:25  Lair  
  49  5:27  Spine Crawler  
  48  5:30  Extractor  
  48  5:32  Extractor  
  46  5:38  Roach  
  46  5:39  Roach x5  
  46  5:41  Overlord  
  58  5:42  Overlord  
  58  5:51  Overlord  
  58  5:52  Overlord  
  58  6:15  Pneumatized Carapace  
  58  6:30  Hydralisk Den  
  57  6:33  Drone  
  57  6:34  Drone x18, Evolution Chamber  
  57  6:39  Extractor  
  74  6:41  Extractor  
  71  7:15  Drone x2  
  71  7:16  Drone x5  
  71  7:17  Drone x3, Overlord x3  
  71  7:18  Overlord  
  81  7:24  Muscular Augments  
  81  7:25  Zerg Ground Armor Level 1, Zerg Missile Weapons Level 2  
  81  7:27  Hydralisk x2  
  85  7:31  Metabolic Boost  
  85  7:57  Overlord x2  
  85  8:06  Hydralisk x12  
  109  8:27  Spine Crawler  
  109  8:32  Spine Crawler  
  104  8:34  Spine Crawler  
  101  8:53  Drone x4  
  101  8:54  Drone x2  
  107  8:58  Spore Crawler  
  106  9:03  Roach x10  
  126  9:15  Overlord  
  126  9:19  Overlord  
  126  9:22  Hatchery  
  125  10:07  Overlord x3  
  125  10:09  Infestation Pit  
  118  10:21  Hatchery  
  118  10:28  Hydralisk  
  111  10:29  Hydralisk x13  
  91  10:58  Swarm Host  
  91  10:59  Swarm Host x9  
  111  11:32  Roach  
  101  11:33  Roach x7  
  109  11:49  Roach x4  
  86  12:16  Hydralisk x6  
  86  12:17  Hydralisk x3  
  86  12:43  Hydralisk x4  
  60  13:29  Roach  
  60  13:30  Roach x5  
  49  13:58  Spine Crawler x3  
  49  14:01  Spine Crawler  
  36  14:03  Spine Crawler  
  36  14:04  Hatchery  
  36  14:05  Spine Crawler  
  36  14:08  Spine Crawler  
  30  14:14  Spawning Pool  
  30  14:16  Hydralisk Den  
  23  14:48  Hydralisk x7  
  23  14:49  Hydralisk x4  
Tags
 
Add a new tag
Caveats
  • Supply blocks, unpowered buildings, or Contaminate may cause inaccurate times.
  • Supply counts are checked every 10 seconds.